 Dungeon Crawl Stone Soup version 0.27-a0-1442-g87b6fcb595 (webtiles) character file.

Game seed: 15615619258582315188

11 runemasterragnar the Shield-Bearer (level 2, 0/24 HPs)
             Began as a Formicid Fighter on July 5, 2021.
             Succumbed to a goblin's poison
             ... on level 1 of the Dungeon.
             The game lasted 00:00:36 (583 turns).

runemasterragnar the Shield-Bearer (FoFi)            Turns: 583, Time: 00:00:36

Health: 0/24       AC:  6    Str: 17 (20) XL:     2   Next: 35%
Magic:  2/2        EV:  7    Int:  6 (7)  God:
Gold:   5          SH:  8    Dex:  7 (10) Spells: 1/1 levels left

rFire    . . .     SeeInvis +   a - +0 war axe
rCold    . . .     Faith    .   c - +0 kite shield
rNeg     . . .     Spirit   .   b - +0 scale mail
rPois    .         Reflect  .   (helmet unavailable)
rElec    .         Harm     .   (no cloak)
rCorr    .         Rampage  .   (no gloves)
Will     .....                  (no boots)
Stlth    ..........             (no amulet)
HPRegen  0.08/turn              (no ring)
MPRegen  0.08/turn              (no ring)

@: lethally poisoned (0 -> -5)
A: permanent stasis, dig shafts and tunnels, antennae 3, four strong arms
a: Dig, Shaft Self


You were on level 1 of the Dungeon.
You visited 1 branch of the dungeon, and saw 1 of its levels.

You collected 5 gold pieces.

Inventory:

Hand Weapons
 a - a +0 war axe (weapon)
Armour
 b - a +0 scale mail (worn)
 c - a +0 kite shield (worn)
Potions
 d - a potion of might


   Skills:
 + Level 3.4 Fighting
 * Level 2.3 Axes
 + Level 3.4 Armour
 + Level 3.8 Shields


You had one spell level left.
You didn't know any spells.
Your spell library was empty.

Dungeon Overview and Level Annotations

Branches:
Dungeon (1/15)

Altars:


Innate Abilities, Weirdness & Mutations

You cannot be hasted, slowed, berserked, paralysed or teleported.
You can dig through walls and to a lower floor.
You have a pair of large antennae on your head. (SInv)
Your four strong arms can wield two-handed weapons with a shield.


Message History

You closely miss the goblin. The goblin hits you but does no damage.
You are poisoned.
The hobgoblin hits you but does no damage.
The goblin hits you but does no damage.
You are more poisoned.
Your shield prevents you from hitting the goblin.
You hit the hobgoblin.
You kill the hobgoblin!
You feel very sick.
A kobold comes into view. It is wielding a +0 club.
The goblin closely misses you. The goblin barely misses you.
Unknown command.
You barely miss the goblin.
Your shield prevents you from hitting the goblin.
You feel very sick.
The kobold shouts!
The goblin barely misses you. The goblin hits you with a +0 club.
The goblin hits you with a +2 dagger of venom.
You are lethally poisoned!
You slash the goblin!
You kill the goblin!
You barely miss the goblin.
* * * LOW HITPOINT WARNING * * *
You feel very sick. The goblin hits you but does no damage.
A quokka comes into view.
The goblin barely misses you.
It was a potion of degeneration.
There was something very wrong with that liquid.
You feel weakened.
You feel dopey.
You feel clumsy.
* * * LOW HITPOINT WARNING * * *
You feel sick. The goblin barely misses you.
Okay, then.
You barely miss the goblin.
* * * LOW HITPOINT WARNING * * *
You feel very sick. You block the goblin's attack.
The goblin hits you but does no damage.
You slash the goblin!
You kill the goblin!
You die...

##.................>...
##.........#############
#..........# ###
#..........# ##..
#..........# #...
#..........# ##..#
#..........# #....
#..........# #..<.
##.....@)..# ##..#
##....†)...... ....#
######K.....# #....##
...#### ##### ...# ...r
..... ......


You could see a quokka and a kobold.

Vanquished Creatures
  An endoplasm (D:1)
  4 goblins (D:1)
  2 hobgoblins (D:1)
  A frilled lizard (D:1)
  2 kobolds (D:1)
10 creatures vanquished.

Notes
Turn   | Place    | Note
-------+----------+-------------------------------------------
     0 | D:1      | runemasterragnar the Formicid Fighter began the quest for
                  | the Orb.
     0 | D:1      | Reached XP level 1. HP: 18/18 MP: 1/1
   372 | D:1      | Reached XP level 2. HP: 14/24 MP: 2/2
   583 | D:1      | Succumbed to a goblin's poison

Illustrated notes

Levels and vault maps discovered:
D:1:      minmay_arrival_wavy_path, layout_rooms

Action                   || total
-------------------------++-------
Melee: War axe           ||    25
  Use: Potion            ||     1
Armor: Scale mail        ||    14
Dodge: Dodged            ||     9
Block: Kite shield       ||    11

Table legend: (Time is in decaauts)
 A = Elapsed time spent in this place.
 B = Non-inter-level travel time spent in this place.
 C = Inter-level travel time spent in this place.
 D = Time resting spent in this place.
 E = Time spent auto-exploring this place.
 F = Levels seen in this place.
 G = Mean time per level.
                   A        B        C        D        E       F      G
               +--------+--------+--------+--------+--------+-----+--------+
         Total |    596 |    596 |      0 |      0 |    529 |   1 |  596.0 |
       Dungeon |    596 |    596 |      0 |      0 |    529 |   1 |  596.0 |
               +--------+--------+--------+--------+--------+-----+--------+

Top non-repeatable levels by time:
     D:1: 596 daAuts
